 Dungeon Crawl Stone Soup version 0.20.1-1-g8b1a95d66d (webtiles) character file.

833 Meaglor the Caller (level 7, -3/48 HPs)
             Began as a Demonspawn Summoner on Dec 1, 2017.
             Was an Initiate of Kikubaaqudgha.
             Slain by an ogre
             ... wielding a +0 giant club
              (30 damage)
             ... on level 5 of the Dungeon.
             The game lasted 00:31:08 (7179 turns).

Meaglor the Caller (Demonspawn Summoner)            Turns: 7179, Time: 00:31:11

Health: -3/48      AC:  6    Str:  9    XL:     7   Next: 65%
Magic:  9/15       EV: 12    Int: 18    God:    Kikubaaqudgha [......]
Gold:   215        SH:  0    Dex: 13    Spells: 8/16 levels left

rFire    . . .     SeeInvis .   w - +3 dagger
rCold    . . .     Gourm    .   (no shield)
rNeg     . . .     Faith    .   i - +0 leather armour
rPois    +         Spirit   .   t - +0 helmet
rElec    .         Reflect  .   (no cloak)
rCorr    .         Harm     .   (no gloves)
MR       .....     Clarity  +   (no boots)
Stlth    ++........             d - amulet of inaccuracy (curse)
Regen    0.2/turn               c - ring of poison resistance
MPRegen  0.2/turn               (no ring)

@: no status effects
A: claws 1, hooves 2, iridescent scales 1, clarity, spiny 2
a: Renounce Religion


You were on level 5 of the Dungeon.
You worshipped Kikubaaqudgha.
Kikubaaqudgha was noncommittal.
You were not hungry.

You visited 2 branches of the dungeon, and saw 6 of its levels.
You also visited: Sewer.

You collected 215 gold pieces.

Inventory:

Hand Weapons
 w - a +3 dagger (weapon)
 x - a +0 flail of protection
Armour
 a - a +0 robe
 i - a +0 leather armour (worn)
 t - a +0 helmet (worn)
Jewellery
 c - a ring of poison resistance (left claw)
 d - a cursed amulet of inaccuracy (around neck)
Wands
 f - a wand of random effects (12/48)
 j - a wand of digging (9/24)
 o - a wand of digging (5/24)
Scrolls
 e - a scroll of recharging
 h - 3 scrolls of teleportation
 n - a scroll of fog
 p - 2 scrolls of blinking
Potions
 g - 3 potions of haste
 l - 3 potions of might
 m - a potion of magic {unknown}
 r - a potion of flight {unknown}
 u - 3 potions of curing
Books
 b - a book of Callings

   Spells                             Type                      Level
   a - Summon Small Mammal            Summoning                    1
   b - Call Imp                       Summoning                    2
   c - Call Canine Familiar           Summoning                    3
   d - Summon Guardian Golem          Hexes/Summoning              3
   e - Summon Lightning Spire         Summoning/Air                4
   f - Summon Ice Beast               Ice/Summoning                4
 q - a book of Cantrips

   Spells                             Type                      Level
   a - Confusing Touch                Hexes                        1
   b - Animate Skeleton               Necromancy                   1
   c - Summon Small Mammal            Summoning                    1
   d - Apportation                    Translocation                1
Comestibles
 k - a bread ration
 v - a royal jelly
 z - 4 fruits


   Skills:
 + Level 1.2 Fighting
 + Level 0.5 Short Blades
 - Level 0.5 Maces & Flails
 + Level 2.6 Armour
 + Level 2.5 Dodging
 + Level 2.8 Stealth
 - Level 0.3 Unarmed Combat
 * Level 5.4 Spellcasting
 + Level 0.8 Hexes
 + Level 5.7 Summonings


You had 8 spell levels left.
You knew the following spells:

 Your Spells              Type           Power        Failure   Level  Hunger
a - Summon Small Mammal   Summ           ####         1%          1    None
b - Call Imp              Summ           ####....     2%          2    #......
c - Call Canine Familiar  Summ           ####....     4%          3    ##.....
d - Confusing Touch       Hex            #.....       13%         1    None
e - Animate Skeleton      Necr           N/A          17%         1    None


Dungeon Overview and Level Annotations

Branches:
Dungeon (5/15)             Temple (1/1) D:5

Altars:
Ashenzari
Elyvilon
Fedhas
Gozag
Hepliaklqana
Kikubaaqudgha
Qazlal
Ru
Uskayaw
Vehumet

Shops:
D:5 :


Innate Abilities, Weirdness & Mutations

You have hoof-like feet.
You are partially covered in iridescent scales. (AC +2)
You are mostly covered in sharp spines.
You have sharp fingernails.
You possess an exceptional clarity of mind.


Message History

The bullfrog zombie hits your hound.
Your hound barely misses the bullfrog zombie.
The ogre hits you with a giant club.
You hit the ogre.
The ogre is heavily wounded.
The bullfrog zombie hits your hound.
Your hound bites the bullfrog zombie.
You closely miss the ogre.
The ogre is heavily wounded.
The bullfrog zombie closely misses your hound.
Your hound closely misses the bullfrog zombie.
The ogre hits you with a giant club!!
The bullfrog zombie barely misses your hound.
Your hound completely misses the bullfrog zombie.
Casting: Call Imp
Confirm with . or Enter, or press ? or * to list all spells.
A beastly little devil appears in a puff of flame.
Your hound bites the bullfrog zombie.
The ogre hits you with a giant club!!
Ouch! That really hurt!
You die...
Kikubaaqudgha rasps: "You have failed me!
Welcome... death!"

#.# #.#...#..#............. #.#
#.#.#..#............. ..+
...........#####.#.... ..# #.#
#.#..........†..... #.# #.
#.................. #.#
#.##.##............ #.#
#.######5##.##..#.######.. ..#
#.......5.......#......... ..####
#########@#.....#......... ......
.#[.....O.................
..#####.#.######.####..########..
......... #'# #..# #.. ........#
.h. #..# #.. ........# .Z. #..#
######.. ........# ... #..#
#....... ........# #...# #..#
#.#####. #'#####.. #..# #.# #.


You could see an ogre, a bullfrog zombie, a friendly hound and 2 friendly
crimson imps.

Vanquished Creatures
  Menkaure (D:4)
  A phantom (D:4)
  A jelly (D:5)
  An orc priest (D:4)
  An orc wizard (D:4)
  4 worker ants
  A hound skeleton (D:4)
  Robin (D:4)
  A howler monkey skeleton (D:5)
  4 adders
  A river rat (Sewer)
  3 oozes
  3 leopard geckos
  3 orcs
  6 bats
  5 giant cockroaches
  7 goblins
  5 hobgoblins
  8 jackals
  A kobold (D:1)
  5 quokkas
  3 ball pythons
  9 frilled lizards
  A giant cockroach zombie (D:5)
  17 rats
93 creatures vanquished.

Vanquished Creatures (collateral kills)
  The ghost of NullDivider the Charlatan, an amateur OpAr of Nemelex Xobeh (D:4)
  Edmund (D:5)
  Blork the orc (D:4)
  A howler monkey (D:5)
  An iguana (D:5)
  A worker ant (D:5)
  2 adders (D:2)
  2 river rats
  3 worms
  3 dart slugs
  An orc (D:4)
  3 bats
  A giant cockroach (D:3)
  8 goblins
  8 hobgoblins
  A frilled lizard (D:1)
  A kobold (D:1)
  A quokka skeleton (D:4)
  3 rats
43 creatures vanquished.

Vanquished Creatures (others)
  7 toadstools (D:1)
7 creatures vanquished.

Grand Total: 143 creatures vanquished

Notes
Turn   | Place    | Note
-------+----------+-------------------------------------------
     0 | D:1      | Meaglor the Demonspawn Summoner began the quest for the Orb.
     0 | D:1      | Reached XP level 1. HP: 13/13 MP: 3/3
   577 | D:1      | Gained mutation: You are partially covered in iridescent scales. (AC +2) [demonic ancestry]
   577 | D:1      | Reached XP level 2. HP: 9/19 MP: 3/5
   737 | D:1      | Learned a level 2 spell: Call Imp
  1906 | D:1      | Gained mutation: You are partially covered in sharp spines. [demonic ancestry]
  1906 | D:1      | Reached XP level 3. HP: 23/25 MP: 3/6
  1958 | D:2      | Gained mutation: You have sharp fingernails. [potion of mutation]
  1958 | D:2      | Gained mutation: You possess an exceptional clarity of mind. [potion of mutation]
  1958 | D:2      | Gained mutation: You have sharp toenails. [potion of mutation]
  1974 | D:2      | Reached skill level 1 in Fighting
  2338 | D:2      | Learned a level 3 spell: Call Canine Familiar
  2459 | D:2      | Reached skill level 1 in Armour
  2739 | D:2      | Lost mutation: You have sharp toenails. [demonic ancestry]
  2739 | D:2      | Gained mutation: You have large cloven feet. [demonic ancestry]
  2739 | D:2      | Reached XP level 4. HP: 29/32 MP: 4/7
  3094 | D:3      | Found a stormy altar of Qazlal.
  3107 | D:3      | Found a radiant altar of Vehumet.
  3374 | D:3      | Found a glowing drain.
  3380 | Sewer    | Entered a sewer
  4090 | D:3      | Gained mutation: You are mostly covered in sharp spines. [demonic ancestry]
  4090 | D:3      | Reached XP level 5. HP: 32/37 MP: 9/9
  4884 | D:4      | Noticed NullDivider's ghost (amateur OpAr)
  4900 | D:4      | Killed NullDivider's ghost
  5011 | D:4      | Noticed Menkaure
  5049 | D:4      | Killed Menkaure
  5049 | D:4      | Reached XP level 6. HP: 22/43 MP: 2/11
  5265 | D:4      | Reached skill level 5 in Summonings
  5273 | D:4      | Learned a level 1 spell: Confusing Touch
  5592 | D:4      | Noticed Robin
  5627 | D:4      | Killed Robin
  5812 | D:4      | Noticed Blork the orc
  5824 | D:4      | Killed Blork the orc
  6044 | D:4      | Gained mutation: You have hoof-like feet. [demonic ancestry]
  6044 | D:4      | Reached XP level 7. HP: 40/48 MP: 13/13
  6260 | D:5      | Entered Level 5 of the Dungeon
  6481 | D:5      | Noticed Edmund
  6512 | D:5      | Killed Edmund
  6512 | D:5      | Reached skill level 5 in Spellcasting
  6766 | D:5      | Found a staircase to the Ecumenical Temple.
  6816 | Temple   | Entered the Ecumenical Temple
  6940 | Temple   | Became a worshipper of Kikubaaqudgha
  6943 | Temple   | Learned a level 1 spell: Animate Skeleton
  7126 | D:5      | Found Nicvupn's Book Shop.
  7179 | D:5      | Slain by an ogre

Skill      XL: |  1  2  3  4  5  6  7 |
---------------+----------------------+-----
Fighting       | 1 |  1.2
Armour         | 1 2 |  2.6
Stealth        | 2 |  2.8
Dodging        | 2 |  2.5
Spellcasting   | 3 4 5 |  5.4
Summonings     | 5 |  5.7
Short Blades   | |  0.5
Maces & Flails | |  0.5
Unarmed Combat | |  0.3
Hexes          | |  0.8

Action                   |  1- 3 |  4- 6 |  7- 9 || total
-------------------------+-------+-------+-------++-------
Melee: Unarmed           |   105 |   150 |     9 ||   264
       Club              |    92 |       |       ||    92
       Kick              |     8 |    37 |    17 ||    62
       Dagger            |       |       |    50 ||    50
       Punch             |       |       |     1 ||     1
 Cast: Summon Small Mamm |    12 |       |       ||    12
       Call Imp          |    12 |    17 |    13 ||    42
       Call Canine Famil |       |    10 |     5 ||    15
       Confusing Touch   |       |     1 |     5 ||     6
Evoke: Wand              |       |       |     2 ||     2
  Use: Potion            |     2 |     4 |       ||     6
       Scroll            |     3 |     3 |     2 ||     8
 Stab: Sleeping          |     3 |     5 |     1 ||     9
       Distracted        |       |     1 |     2 ||     3
  Eat: Fruit             |     2 |       |       ||     2
       Bread ration      |     2 |       |     1 ||     3
       Royal jelly       |       |     2 |       ||     2
       Meat ration       |       |     1 |       ||     1
Armor: Robe              |    52 |       |       ||    52
       Leather armour    |    34 |    43 |    12 ||    89
Dodge: Dodged            |   157 |    67 |    34 ||   258
